 Dungeon Crawl Stone Soup version 0.32-a0-329-ge6c31236d6 (webtiles) character file.

Game seed: 14980433644203146956

205120 Ceno the Spry (level 17, -5/99 HPs)
             Began as a Felid Alchemist on Feb 16, 2024.
             Was a High Priest of Jiyva.
             Slain by the 27-headed Lernaean hydra (12 damage)
             ... on level 4 of the Swamp on Feb 17, 2024.
             The game lasted 02:38:54 (38448 turns).

Ceno the Spry (Felid Alchemist)                    Turns: 38448, Time: 02:38:54

Health: -5/99      AC:  3    Str:  3    XL:     17   Next: 31%
Magic:  27/29      EV: 33    Int: 27    God:    Jiyva [*****.]
Gold:   269        SH:  5    Dex: 20    Spells: 7/31 levels left
                                        Lives:  0   Deaths: 6

rFire   + .          .
                       - Unarmed
rCold   + + +        (shield unavailable)
rNeg    . . .        (body armour unavailable)
rPois   +            (helmet unavailable)
rElec   .            (cloak unavailable)
rCorr   +            (gloves unavailable)
SInv    +            (boots unavailable)
Will    ++...        T - amulet of Uheoxzua {Reflect Fly SH+5}
Stlth   +++++        U - ring of Midwinter {rF+ rC+}
HPRegen 1.80/turn    h - ring of poison resistance
MPRegen 0.93/turn

%: reflection
@: about to teleport, maw-form, flying, very slightly contaminated
A: devouring maw, very small, claws 1, fangs 3, see invisible, shaggy fur 3,
stealthy paws, no weapons or thrown items, no armour, multi-lived, clever 1,
cold resistance 2, poison resistance, eyeballs 3, pseudopods 2, evolution 2,
tendrils, jelly absorbing missiles
}: 2/15 runes: serpentine, slimy
a: Begin Untransformation, Renounce Religion, Oozemancy, Slimify


You were on level 4 of the Swamp.
You worshipped Jiyva.
Jiyva was extremely pleased with you.
You were a creature with a mouth for a stomach.
You visited 7 branches of the dungeon, and saw 36 of its levels.
You visited the Abyss 1 time.

You collected 1469 gold pieces.
You spent 1200 gold pieces at shops.

Inventory:

Jewellery
 d - a ring of willpower
 h - a ring of poison resistance (right paw)
 k - a +6 ring of dexterity
 n - an amulet of reflection
 q - a ring of wizardry
 A - a +6 ring of dexterity
 D - a ring of magical power
 H - an amulet of magic regeneration
 M - an amulet of the acrobat
 O - a +4 ring of protection
 S - a ring of wizardry
 T - the amulet of Uheoxzua (around neck) {Reflect Fly SH+5}
   (You found it on level 5 of the Pits of Slime)

   [amulet of reflection]

   Reflect:   It reflects blocked missile attacks.
   Fly:       It grants you flight.
   SH+5:      It affects your SH (+5).
 U - the ring of Midwinter (left paw) {rF+ rC+}
   (You found it on level 5 of the Pits of Slime)

   [ring of protection from cold]

   rF+:       It protects you from fire.
   rC+:       It protects you from cold.
 V - the amulet "Uptadue" {Faith Str+3}
   (You found it on level 5 of the Pits of Slime)

   [amulet of faith]

   Faith:     It allows you to gain divine favour quickly.
   Str+3:     It affects your strength (+3).
 W - a ring of fire
Talismans
 c - a granite talisman
 l - a maw talisman (active)
Wands
 p - a wand of digging (1)
 u - a wand of roots (8)
 v - a wand of quicksilver (25)
 z - a wand of flame (22)
 C - a wand of mindburst (30)
 J - a wand of paralysis (8)
Scrolls
 b - 3 scrolls of teleportation
 e - a scroll of fear
 g - a scroll of revelation
 i - 3 scrolls of immolation
 j - 3 scrolls of blinking
 o - 5 scrolls of enchant armour
 r - 3 scrolls of enchant weapon
 s - 7 scrolls of vulnerability
 w - a scroll of noise
 y - a scroll of brand weapon
 I - 5 scrolls of amnesia
 L - a scroll of silence
 P - a scroll of summoning
 Q - 3 scrolls of identify
 R - 4 scrolls of poison
Potions
 a - 2 potions of lignification
 f - 6 potions of mutation
 m - 2 potions of resistance
 t - 6 potions of might
 x - 2 potions of invisibility
 B - 4 potions of attraction
 E - 2 potions of enlightenment
 F - a potion of haste
 G - 3 potions of berserk rage
 K - 2 potions of brilliance
 N - 8 potions of ambrosia


   Skills:
 + Level 15.1 Fighting
 + Level 18.0 Dodging
 - Level 10.0 Stealth
 + Level 8.2 Unarmed Combat
 + Level 7.6 Spellcasting
 - Level 6.0 Conjurations
 - Level 4.0 Fire Magic
 - Level 10.1 Earth Magic
 - Level 6.0 Alchemy
 - Level 8.0 Invocations
 - Level 5.0 Evocations
 + Level 11.0 Shapeshifting


You had 7 spell levels left.
You knew the following spells:

 Your Spells              Type           Power      Damage    Failure   Level
a - Sticky Flame          Fire/Alch      37%        2d8       7%          4
b - Mercury Vapours       Alch/Air       52%        N/A       2%          2
c - Mephitic Cloud        Conj/Alch/Air  31%        N/A       3%          3
d - Olgreb's Toxic Radia  Alch           42%        N/A       4%          4
e - Sting                 Conj/Alch      100%       1d9       1%          1
f - Borgnjor's Vile Clut  Necr/Erth      18%        N/A       19%         5
g - Irradiate             Conj/Alch      21%        3d18      13%         5

Your spell library contained the following spells:

 Spells                   Type           Power      Damage    Failure   Level
 Foxfire                  Conj/Fire      100%       2x1d9     1%          1
 Leda's Liquefaction      Alch/Erth      26%        N/A       1%          4
 Lee's Rapid Deconstruct  Erth           29%        3d15*     2%          5
 Dazzling Flash           Conj/Hex       52%        N/A       4%          3
 Necrotise                Necr           40%        1d6       5%          1
 Inner Flame              Hex/Fire       21%        N/A       8%          3
 Volatile Blastmotes      Fire/Tloc      42%        2d13      8%          3
 Jinxbite                 Hex            20%        N/A       9%          2
 Lesser Beckoning         Tloc           20%        N/A       9%          2
 Iskenderun's Mystic Bla  Conj/Tloc      26%        2d7       16%         4
 Gell's Gravitas          Tloc           10%        N/A       17%         3
 Teleport Other           Tloc           10%        N/A       17%         3
 Tukima's Dance           Hex            10%        N/A       17%         3
 Vampiric Draining        Necr           10%        2d6       17%         3
 Bombard                  Conj/Erth      26%        9d5       30%         6
 Yara's Violent Unravell  Hex/Alch       13%        3d7       41%         5
 Martyr's Knell           Necr/Summ      10%        N/A       50%         4
 Passage of Golubria      Tloc           10%        N/A       50%         4
 Eringya's Noxious Bog    Alch           21%        4d6       58%         6
 Curse of Agony           Necr           10%        N/A       83%         5
 Silence                  Hex/Air        5%         N/A       83%         5
 Summon Forest            Summ/Tloc      5%         N/A       83%         5
 Enfeeble                 Hex            5%         N/A       100%        7
 Summon Hydra             Summ           5%         N/A       100%        7
 Ignition                 Fire           15%        3d6       100%        8
 Dimensional Bullseye     Hex/Tloc       Unusable   N/A       N/A         4

Dungeon Overview and Level Annotations

Branches:
Dungeon (15/15)            Temple (1/1) D:4            Lair (5/5) D:10
  Swamp (4/4) Lair:3        Snake (4/4) Lair:2        Slime (5/5) Lair:4
    Orc (2/2) D:9             Elf (0/3) Orc:2        Vaults (0/5) D:13
 Depths (0/4) D:15

Altars:
Ashenzari
Cheibriados
Dithmenos
Elyvilon
Fedhas
Gozag
Hepliaklqana
Kikubaaqudgha
Makhleb
Nemelex Xobeh
Okawaru
Qazlal
Ru
Sif Muna
Trog
Uskayaw
Vehumet
Wu Jian
Xom
Yredelemnul
Zin
The Shining One
Beogh
Jiyva

Shops:
D:4 ((*[   D:10 (   Orc:2 =*[(   Snake:1 ?([   Snake:4 ?=*(

Portals:
Trove: D:11 (give 5 scrolls of fog)

Annotations:
Lair:1 2 transporters
Swamp:4 Lernaean hydra
Snake:1 exclusion: naga, Aizul
Snake:2 exclusion: nagaraja
Snake:3 exclusion: naga mage, Nikola
Slime:5 Royal Jelly
Orc:2 1 runed translucent door, exclusion: upstairs, yleetSyT's ghost, journeyman DrSh


Innate Abilities, Weirdness & Mutations

You are a creature with a mouth for a stomach.
Your midsection houses a second, enormous mouth.
You have sharp claws.
You have razor-sharp teeth.
You have supernaturally acute eyesight. (SInv)
Your thick and shaggy fur keeps you warm. (AC +3, rC+)
Your paws help you pounce on unaware monsters.
You are incapable of wielding weapons or throwing items.
You cannot wear armour.
You gain extra lives every three experience levels.
Your mind is acute. (Int +4, Str/Dex -1)
Your flesh is very cold resistant. (rC++)
Your system is resistant to poisons. (rPois)
Your body is covered in eyes which may confuse attackers. (Acc +7, SInv)
Armour fits poorly on your large pseudopods.
You have great hidden genetic potential.
You are covered in slimy tendrils that may disarm your opponents.
You have a small jelly attached to you that may absorb projectiles.


Message History

The 27-headed Lernaean hydra misses you.
The 27-headed Lernaean hydra completely misses you.
The 27-headed Lernaean hydra bites you!
The 27-headed Lernaean hydra completely misses you.
The 27-headed Lernaean hydra closely misses you.
The 27-headed Lernaean hydra bites you!
The 27-headed Lernaean hydra misses you.
The 27-headed Lernaean hydra bites you.
The 27-headed Lernaean hydra bites you but does no damage.
The 27-headed Lernaean hydra completely misses you. x3
The 27-headed Lernaean hydra bites you.
You hear a slurping noise.
As you read the scroll of teleportation, it crumbles to dust.
You feel strangely unstable.
The 27-headed Lernaean hydra closely misses you. x2
The 27-headed Lernaean hydra bites you.
The 27-headed Lernaean hydra completely misses you.
The 27-headed Lernaean hydra bites you!
The 27-headed Lernaean hydra bites you but does no damage.
The 27-headed Lernaean hydra barely misses you.
The 27-headed Lernaean hydra closely misses you. x2
The 27-headed Lernaean hydra bites you!
* * * LOW HITPOINT WARNING * * *
The 27-headed Lernaean hydra bites you but does no damage.
The 27-headed Lernaean hydra completely misses you.
The 27-headed Lernaean hydra bites you!
* * * LOW HITPOINT WARNING * * *
The 27-headed Lernaean hydra completely misses you.
The 27-headed Lernaean hydra bites you.
* * * LOW HITPOINT WARNING * * *
The 27-headed Lernaean hydra bites you but does no damage.
The 27-headed Lernaean hydra misses you.
The 27-headed Lernaean hydra barely misses you.
The 27-headed Lernaean hydra closely misses you.
The 27-headed Lernaean hydra bites you!
* * * LOW HITPOINT WARNING * * *
You block the 27-headed Lernaean hydra's attack.
The 27-headed Lernaean hydra bites you!
You die...
Jiyva sends a jelly to digest your remains.

~~~....~♣♣~~§~~~§~÷§~..~~.......
~~~~♣♣~♣♣♣♣♣#####~~~~~~D~~~~####
~~~.♣♣♣♣ ##$..##.#.#'#'####
.~~~.♣♣♣♣♣♣#.J...#........~#
~~~..♣♣...~#..φ..#.ß.......#
~~.~~♣♣~~~~#.....#..~§#.~..#
~~♣.~♣.~§~.##....'....#~Pß.'.
~♣~~...^♣♣.~####D#...###...#'#
..~§....♣♣.~#~~.W.~.P~#..ß......#
.§~~~~~~§.~§#~ß.ß.ß~.§#...ß.ß.ß.#
~~~~~~~..~~..P..........~~.....P.
..§~~~~.~.......~#..~⌠#⌠.~ ......
~~§~~~~.~~.....#####.###.###.#...
~~.~~~J..~♣.....~#...⌠#⌠..~#~.~~#
..~~~..♣♣.~~..........#..........
♣..~~..~♣♣♣~#Pß...[...#~........#
♣~~~~~~~♣♣♣~...~.~.ß~.#.~ß.....~.


You could see the 27-headed Lernaean hydra and a neutral jelly (wandering)
(fellow slime).

Vanquished Creatures
  Rupert (D:12)
  A nagaraja (Snake:4)
  A ghoul (Swamp:2)
  2 orc warlords
  2 green draconians
  2 eleionomae
  A bunyip (Swamp:3)
  An ettin (D:15)
  A shambling mangrove (Swamp:3)
  7 alligators
  A ghost crab (Swamp:3)
  6 anacondas
  2 ogre magi (D:15)
  2 vault guards
  16 hydras
  5 centaur warriors
  3 boulder beetles
  11 two-headed ogres
  6 naga warriors
  4 tengu warriors
  A death yak (Lair:4)
  9 shock serpents
  Urug (Lair:5)
  4 orc high priests (Orc:2)
  8 naga sharpshooters
  Nergalle (Orc:1)
  Sonja (D:13)
  A skyshark (Lair:5)
  A large abomination (Abyss:1)
  A salamander mystic (Snake:4)
  A deep troll (D:15)
  12 swamp dragons
  4 mana vipers
  5 spriggan druids
  A necromancer (D:15)
  12 bog bodies
  4 naga ritualists
  9 orc knights
  4 deep elf pyromancers
  A lindwurm (Lair:5)
  3 will-o-the-wisps
  A harpy (shapeshifter) (D:15)
  An ugly thing (D:11)
  5 orc sorcerers (Orc:2)
  5 salamanders
  A cyclops (D:12)
  3 meliai (D:14)
  3 manticores
  21 black mambas
  5 guardian serpents
  2 elephants (Lair:3)
  2 torpor snails
  9 naga magi
  A gargoyle (D:9)
  6 cane toads
  An unseen horror (shapeshifter) (D:13)
  6 komodo dragons
  2 tengu conjurers (D:14)
  2 efreet (D:15)
  An ancient zyme (Abyss:1)
  A queen bee (D:14)
  3 trolls
  9 tyrant leeches
  A troll (shapeshifter) (D:15)
  A raiju (Abyss:1)
  7 blink frogs
  14 hornets
  2 dream sheep (Lair:5)
  A shadow (D:10)
  14 spriggans
  A wraith (D:12)
  A vampire (D:12)
  49 yaks
  3 basilisks
  6 wyverns
  2 ynoxinuls (Abyss:1)
  5 wargs
  2 vampire mosquitoes (D:11)
  5 steam dragons
  7 humans
  Menkaure (D:6)
  17 swamp worms
  2 small abominations (Abyss:1)
  29 nagas
  17 water moccasins
  2 acid dragons
  36 orc warriors
  A hell hound (Abyss:1)
  10 swamp drakes
  3 sky beasts
  2 laughing skulls
  4 black bears
  2 ice beasts (D:7)
  12 ogres
  4 wolves (Lair:1)
  16 centaurs
  4 kobold brigands
  3 phantoms
  9 bullfrogs
  A weeping skull (Abyss:1)
  A brain worm (Abyss:1)
  3 scorpions
  12 wights
  25 killer bees
  A bombardier beetle (D:5)
  A crimson imp (D:8)
  A quasit (Abyss:1)
  4 jellies
  16 orc priests
  3 hounds
  5 gnoll boudas
  3 sleepcaps (D:5)
  16 orc wizards
  5 iguanas
  Robin (D:1)
  24 gnolls
  8 adders
  A white imp (D:5)
  5 ufetubi
  2 ribbon worms (D:3)
  4 dart slugs
  67 orcs
  4 endoplasms
  2 giant cockroaches
  18 goblins
  13 hobgoblins
  3 jackals (D:2)
  21 kobolds
  4 quokkas
  7 ball pythons
  8 bats
  3 frilled lizards
  2 rats (D:1)
838 creatures vanquished.

Vanquished Creatures (collateral kills)
  A tentacled starspawn (Abyss:1)
  Agnes (D:14)
  An eleionoma (Swamp:3)
  A bunyip (Swamp:4)
  2 vault guards (D:13)
  A boulder beetle (D:14)
  A naga sharpshooter (Snake:4)
  5 shock serpents
  A swamp dragon (Swamp:4)
  A deep elf pyromancer (D:15)
  A black mamba (Snake:1)
  A naga mage (Snake:4)
  A human (D:13)
  A naga (Snake:4)
  A starspawn tentacle (Abyss:1)
20 creatures vanquished.

Vanquished Creatures (others)
  An acid blob (Snake:4)
  A nagaraja (Snake:4)
  An orc warlord (Orc:2)
  A great orb of eyes (Abyss:1)
  2 black mambas (Snake:4)
  2 trolls (Orc:2)
  A bloated husk (Swamp:1)
  A slime creature (Snake:4)
  5 dream sheep (D:6)
  A shadow (D:12)
  A water moccasin (Lair:4)
  An orc warrior (Orc:2)
  A gnoll sergeant (D:11)
  A small abomination (Abyss:1)
  106 jellies
  2 killer bees (D:11)
  3 orc priests
  5 orc wizards
  4 gnolls (D:11)
  7 orcs
  A hobgoblin (D:1)
  A jackal (D:2)
  A kobold (D:14)
  8 foxfires
  3 starspawn tentacles (Abyss:1)
161 creatures vanquished.

Grand Total: 1019 creatures vanquished

Notes
Turn   | Place    | Note
-------+----------+-------------------------------------------
     0 | D:1      | Ceno the Felid Alchemist began the quest for the Orb.
     0 | D:1      | Reached XP level 1. HP: 9/9 MP: 4/4
   178 | D:1      | Reached XP level 2. HP: 13/13 MP: 4/6
   200 | D:1      | Learned a level 2 spell: Mercury Vapours
   294 | D:1      | Found a faded altar of an unknown god.
   525 | D:1      | Reached XP level 3. HP: 16/16 MP: 3/7
   529 | D:1      | Learned a level 3 spell: Mephitic Cloud
  1196 | D:2      | Noticed a phantom
  1249 | D:2      | Noticed Robin
  1252 | D:2      | Reached XP level 4. HP: 19/21 MP: 1/8
  1252 | D:2      | Gained a life (2 lives remaining)
  1425 | D:1      | Killed Robin
  1971 | D:2      | Reached XP level 5. HP: 24/24 MP: 6/10
  2557 | D:3      | Learned a level 4 spell: Olgreb's Toxic Radiance
  2571 | D:3      | Found a sparkling altar of Nemelex Xobeh.
  3005 | D:3      | Found a white marble altar of Elyvilon.
  3021 | D:3      | Became a worshipper of Elyvilon the Healer
  3717 | D:3      | Reached skill level 5 in Stealth
  3717 | D:3      | Gained mutation: You are covered in thick fur. (AC +2)
                  | [Felid growth]
  3717 | D:3      | Reached XP level 6. HP: 26/28 MP: 1/12
  3842 | D:4      | Found a staircase to the Ecumenical Temple.
  3851 | Temple   | Entered the Ecumenical Temple
  4000 | D:4      | Reached skill level 5 in Alchemy
  4074 | D:4      | Reached * piety under Elyvilon
  4166 | D:4      | Identified the +6 mace "Toenalul" {heavy, Will+ Str+7
                  | Int-3}
  4242 | D:4      | Found Naukhuxo's Assorted Antiques.
  4242 | D:4      | Found Mupatiw's Antique Weapon Shoppe.
  4244 | D:4      | Found Hoimopp's Weapon Shoppe.
  4334 | D:4      | Found a sacrificial altar of Ru.
  4488 | D:4      | Found Dovemeu's Antique Armour Emporium.
  4810 | D:5      | Entered Level 5 of the Dungeon
  4915 | D:5      | Reached skill level 1 in Fire Magic
  5018 | D:5      | Noticed an orc warrior
  5053 | D:5      | Killed an orc warrior
  5054 | D:5      | Reached XP level 7. HP: 32/32 MP: 0/14
  5193 | D:5      | Reached skill level 1 in Fighting
  5193 | D:5      | Reached skill level 1 in Invocations
  5330 | D:5      | Killed from afar by a white imp
  5330 | D:5      | Lost a life (1 life remaining)
  5359 | D:5      | Found an ornate altar of the Wu Jian Council.
  5894 | D:5      | Learned a level 4 spell: Sticky Flame
  6219 | D:5      | Found a glowing silver altar of Zin.
  6413 | D:5      | Reached XP level 8. HP: 32/39 MP: 10/15
  6413 | D:5      | Gained a life (2 lives remaining)
  6513 | D:6      | Reached ** piety under Elyvilon
  6513 | D:6      | Noticed Menkaure
  7025 | D:6      | Killed Menkaure
  7037 | D:5      | HP: 1/41 [sleepcap (7)]
  7038 | D:5      | Demolished by a sleepcap
  7038 | D:5      | Lost a life (1 life remaining)
  7659 | D:6      | Noticed a dream sheep
  7659 | D:6      | Noticed a dream sheep
  7659 | D:6      | Noticed a dream sheep
  7659 | D:6      | Noticed a dream sheep
  7659 | D:6      | Noticed a dream sheep
  7659 | D:6      | Found a shimmering altar of Xom.
  7662 | D:6      | Killed a dream sheep
  7662 | D:6      | Killed a dream sheep
  7662 | D:6      | Killed a dream sheep
  7663 | D:6      | Killed a dream sheep
  7663 | D:6      | Killed a dream sheep
  7855 | D:6      | Reached XP level 9. HP: 44/46 MP: 1/16
  8340 | D:7      | Reached *** piety under Elyvilon
  8703 | D:7      | Reached skill level 5 in Fighting
  8703 | D:7      | Reached skill level 5 in Invocations
  8855 | D:8      | Found a hazy altar of Hepliaklqana.
  8865 | D:7      | Elyvilon protects you from harm!
  8984 | D:8      | Found a basalt altar of Yredelemnul.
  8990 | D:8      | Found an ancient bone altar of Kikubaaqudgha.
  8994 | D:8      | Found a stormy altar of Qazlal.
  8997 | D:8      | Found a shadowy altar of Dithmenos.
  9001 | D:8      | Found a shimmering blue altar of Sif Muna.
  9283 | D:8      | Reached skill level 10 in Stealth
  9381 | D:7      | Reached skill level 1 in Shapeshifting
  9555 | D:8      | Reached skill level 3 in Dodging
  9555 | D:8      | Reached skill level 1 in Unarmed Combat
  9891 | D:8      | Reached XP level 10. HP: 53/53 MP: 8/17
  9891 | D:8      | Gained a life (2 lives remaining)
 10041 | D:8      | Found a burning altar of Makhleb.
 10356 | D:9      | Reached **** piety under Elyvilon
 10419 | D:9      | Reached skill level 4 in Dodging
 10423 | D:9      | Noticed a deep elf pyromancer
 10900 | D:9      | Killed a deep elf pyromancer
 10924 | D:9      | Noticed a gargoyle
 11054 | D:9      | Reached skill level 5 in Dodging
 11589 | D:9      | Killed a gargoyle
 11836 | D:9      | Found a staircase to the Orcish Mines.
 12130 | Orc:1    | Entered Level 1 of the Orcish Mines
 12130 | Orc:1    | Noticed Nergalle
 12130 | Orc:1    | Noticed an orc warlord
 12131 | Orc:1    | Noticed a two-headed ogre
 12134 | Orc:1    | Noticed an orc knight
 12362 | D:10     | Entered Level 10 of the Dungeon
 12467 | D:10     | Reached skill level 6 in Dodging
 13048 | D:10     | Reached XP level 11. HP: 45/58 MP: 7/18
 13125 | D:10     | Found a staircase to the Lair.
 13306 | D:10     | Found a hide-covered altar of Uskayaw.
 13503 | D:10     | Found Capuniqy's Firing Range.
 13617 | Lair:1   | Entered Level 1 of the Lair of Beasts
 13841 | Lair:1   | Found a transporter.
 13843 | Lair:1   | Found a transporter.
 13843 | Lair:1   | Noticed a boulder beetle
 13901 | Lair:1   | Reached skill level 7 in Dodging
 14375 | Lair:1   | Reached skill level 5 in Unarmed Combat
 14751 | Lair:1   | Reached ***** piety under Elyvilon
 16068 | Lair:2   | Reached skill level 8 in Dodging
 16181 | Lair:2   | Reached skill level 5 in Shapeshifting
 16388 | Lair:2   | Found a staircase to the Snake Pit.
 16692 | Lair:3   | Found a staircase to the Swamp.
 17213 | Lair:3   | Reached skill level 9 in Dodging
 17325 | Lair:3   | Gained mutation: Your thick and shaggy fur keeps you warm.
                  | (AC +3, rC+) [Felid growth]
 17325 | Lair:3   | Reached XP level 12. HP: 42/65 MP: 11/19
 18432 | Lair:4   | Found a viscous altar of Jiyva.
 18432 | Lair:4   | Found a staircase to the Slime Pits.
 18440 | Lair:4   | Fell from the grace of Elyvilon
 18440 | Lair:4   | Became a worshipper of Jiyva Jast the Shapeless
 18503 | Lair:4   | Reached skill level 1 in Earth Magic
 18843 | Lair:4   | Reached skill level 10 in Dodging
 19393 | Lair:4   | Reached * piety under Jiyva
 19562 | Lair:5   | Entered Level 5 of the Lair of Beasts
 19562 | Lair:5   | Noticed a death yak
 19562 | Lair:5   | Noticed a death yak
 19563 | Lair:5   | Noticed a death yak
 19563 | Lair:5   | Noticed a death yak
 19574 | Lair:4   | Killed a death yak
 19968 | Lair:5   | Noticed Urug
 19973 | Lair:5   | Killed Urug
 19974 | Lair:5   | Reached skill level 10 in Fighting
 20111 | Lair:5   | Reached skill level 11 in Dodging
 20222 | Lair:5   | Reached ** piety under Jiyva
 20321 | Lair:5   | Noticed a dire elephant
 20539 | D:9      | Killed an orc warlord
 20540 | D:9      | Reached XP level 13. HP: 72/72 MP: 2/20
 20680 | D:9      | Demolished by an orc knight
 20680 | D:9      | Lost a life (1 life remaining)
 20854 | Orc:1    | Killed Nergalle
 20857 | Orc:1    | Found a roughly hewn altar of Beogh.
 20946 | Orc:2    | Entered Level 2 of the Orcish Mines
 20963 | Orc:2    | Noticed an orc warlord
 20981 | Orc:2    | Killed an orc warlord
 20982 | Orc:2    | Reached skill level 5 in Earth Magic
 20984 | Orc:2    | Reached skill level 12 in Dodging
 21114 | Orc:2    | Noticed an orc warlord
 21130 | Orc:2    | Killed an orc warlord
 21144 | Orc:2    | Found a runed translucent door.
 21144 | Orc:2    | Found a shimmering altar of Xom.
 21145 | Orc:2    | Noticed yleetSyT's ghost (journeyman DrSh)
 21701 | Orc:2    | Reached skill level 13 in Dodging
 21869 | Orc:2    | Found Imopnem's Antique Armour Boutique.
 21869 | Orc:2    | Found Saj Tomn's General Store.
 21869 | Orc:2    | Found Niaha's Antique Weapon Shop.
 21869 | Orc:2    | Found Nuntu's Jewellery Boutique.
 22053 | Orc:2    | Found a staircase to the Elven Halls.
 22449 | D:11     | Reached *** piety under Jiyva
 22449 | D:11     | Gained mutation: You are covered in slimy tendrils that may
                  | disarm your opponents. [Jiyva's grace]
 22449 | D:11     | Gained mutation: Your translucent skin slightly reduces
                  | your foes' accuracy. (Stealth+) [Jiyva's grace]
 22449 | D:11     | Gained mutation: Your translucent skin reduces your foes'
                  | accuracy. (Stealth+) [Jiyva's grace]
 22449 | D:11     | Gained mutation: Your transparent skin significantly
                  | reduces your foes' accuracy. (Stealth+) [Jiyva's grace]
 22968 | D:11     | Reached XP level 14. HP: 79/79 MP: 13/21
 22968 | D:11     | Gained a life (2 lives remaining)
 23269 | D:11     | Found a portal to a secret trove of treasure.
 23498 | D:7      | Reached **** piety under Jiyva
 25154 | D:12     | Noticed Rupert
 25263 | D:12     | Reached ***** piety under Jiyva
 25263 | D:12     | Lost mutation: Your transparent skin significantly reduces
                  | your foes' accuracy. (Stealth+) [Jiyva's grace]
 25263 | D:12     | Lost mutation: Your translucent skin reduces your foes'
                  | accuracy. (Stealth+) [Jiyva's grace]
 25263 | D:12     | Gained mutation: Your melee attacks may engulf your foes in
                  | ooze. [Jiyva's grace]
 25263 | D:12     | Gained mutation: Your body has grown eyes which may confuse
                  | attackers. (Acc +3) [Jiyva's grace]
 25263 | D:12     | Gained mutation: Your body has grown many eyes which may
                  | confuse attackers. (Acc +5) [Jiyva's grace]
 25263 | D:12     | Gained mutation: Your body is covered in eyes which may
                  | confuse attackers. (Acc +7, SInv) [Jiyva's grace]
 25936 | D:12     | Identified the +0 tower shield of the Desolation of Salt
                  | {rPois rF- rN+}
 26034 | D:12     | Killed Rupert
 26390 | D:13     | Noticed Sonja
 26396 | Abyss:1  | Cast into level 1 of the Abyss (Sonja)
 26437 | Abyss:1  | Found a corrupted altar of Lugonu.
 26437 | Abyss:1  | Found a corrupted altar of Lugonu.
 26437 | Abyss:1  | Found a corrupted altar of Lugonu.
 26440 | Abyss:1  | Found a basalt altar of Yredelemnul.
 26641 | Abyss:1  | Reached skill level 14 in Dodging
 26735 | Abyss:1  | Identified the +7 tower shield of the Bulwark {Int+5}
 26735 | Abyss:1  | Noticed a daeva
 26767 | Abyss:1  | Found a corrupted altar of Lugonu.
 26787 | Abyss:1  | Noticed a lich
 26815 | Abyss:1  | Noticed a tentacled starspawn
 26827 | Abyss:1  | Killed a tentacled starspawn
 26857 | Abyss:2  | Noticed a bone dragon
 26857 | Abyss:2  | Lost mutation: You are covered in slimy tendrils that may
                  | disarm your opponents. [Jiyva's grace]
 26857 | Abyss:2  | Lost mutation: Your melee attacks may engulf your foes in
                  | ooze. [Jiyva's grace]
 26857 | Abyss:2  | Gained mutation: Armour fits poorly on your pseudopods.
                  | [Jiyva's grace]
 26857 | Abyss:2  | Gained mutation: Armour fits poorly on your large
                  | pseudopods. [Jiyva's grace]
 26857 | Abyss:2  | Gained mutation: Armour fits poorly on your massive
                  | pseudopods. [Jiyva's grace]
 26857 | Abyss:2  | Gained mutation: You passively map a small area around you.
                  | [Jiyva's grace]
 26863 | D:13     | Escaped the Abyss
 26889 | D:13     | Killed Sonja
 26920 | D:13     | Reached ****** piety under Jiyva
 27252 | D:13     | Found a gate to the Vaults.
 27623 | D:14     | Reached skill level 10 in Shapeshifting
 27733 | D:14     | Found a radiant altar of Vehumet.
 28125 | D:15     | Entered Level 15 of the Dungeon
 28125 | D:15     | Noticed Agnes
 28200 | D:14     | Killed Agnes
 28201 | D:14     | Reached skill level 1 in Conjurations
 28311 | D:15     | Reached skill level 15 in Dodging
 28350 | D:15     | Reached skill level 1 in Evocations
 28378 | D:15     | Found a staircase to the Depths.
 28387 | D:15     | Reached XP level 15. HP: 85/85 MP: 22/22
 29197 | Snake:1  | Entered Level 1 of the Snake Pit
 29463 | Snake:1  | Found Otuw's Armour Emporium.
 29465 | Snake:1  | Found Joullyroo's Antique Weapon Shoppe.
 29467 | Snake:1  | Found Mixofox's Magic Scroll Emporium.
 29476 | Snake:1  | Lost mutation: Armour fits poorly on your massive
                  | pseudopods. [Jiyva's grace]
 29476 | Snake:1  | Lost mutation: Armour fits poorly on your large pseudopods.
                  | [Jiyva's grace]
 29476 | Snake:1  | Lost mutation: Your translucent skin slightly reduces your
                  | foes' accuracy. (Stealth+) [Jiyva's grace]
 29476 | Snake:1  | Gained mutation: Your flesh is cold resistant. (rC+)
                  | [Jiyva's grace]
 29476 | Snake:1  | Gained mutation: Your flesh is very cold resistant. (rC++)
                  | [Jiyva's grace]
 29476 | Snake:1  | Gained mutation: Your flesh is almost immune to the effects
                  | of cold. (rC+++) [Jiyva's grace]
 29476 | Snake:1  | Gained mutation: Your mind is acute. (Int +4, Str/Dex -1)
                  | [Jiyva's grace]
 29688 | Snake:1  | Identified the serpent talisman of Lust {*Corrode rN+
                  | Will+}
 29688 | Snake:1  | Noticed Aizul
 30582 | Snake:2  | Reached skill level 16 in Dodging
 30637 | Snake:2  | Reached skill level 5 in Evocations
 30681 | Snake:2  | Noticed a nagaraja
 30947 | Snake:2  | Noticed a nagaraja
 31136 | Snake:2  | HP: 3/87 [nagaraja/bolt of poison (41)]
 31137 | Snake:2  | Mangled by a nagaraja
 31137 | Snake:2  | Lost a life (1 life remaining)
 31338 | Snake:3  | Lost mutation: Your flesh is almost immune to the effects
                  | of cold. (rC+++) [Jiyva's grace]
 31338 | Snake:3  | Lost mutation: You passively map a small area around you.
                  | [Jiyva's grace]
 31338 | Snake:3  | Gained mutation: Armour fits poorly on your large
                  | pseudopods. [Jiyva's grace]
 31338 | Snake:3  | Gained mutation: Armour fits poorly on your massive
                  | pseudopods. [Jiyva's grace]
 31338 | Snake:3  | Gained mutation: You have a small jelly attached to you
                  | that may absorb projectiles. [Jiyva's grace]
 31338 | Snake:3  | Gained mutation: Your spells are a little harder to cast,
                  | but a little more powerful. [Jiyva's grace]
 31353 | Snake:3  | Noticed Nikola
 32128 | Snake:4  | Entered Level 4 of the Snake Pit
 32140 | Snake:4  | Reached skill level 5 in Conjurations
 32258 | Snake:4  | Reached XP level 16. HP: 92/92 MP: 24/24
 32258 | Snake:4  | Gained a life (2 lives remaining)
 32304 | Snake:4  | Reached skill level 5 in Spellcasting
 32574 | Snake:4  | Noticed a quicksilver dragon
 32575 | Snake:4  | Slimified a quicksilver dragon
 32575 | Snake:4  | a quicksilver dragon changed into an acid blob
 32575 | Snake:4  | Noticed an acid blob
 32635 | Snake:4  | Reached skill level 10 in Earth Magic
 32662 | Snake:4  | Killed an acid blob
 32760 | Snake:4  | HP: 1/93 [mana viper[a naga ritualist] (6)]
 32764 | Snake:4  | Slain by a mana viper
 32764 | Snake:4  | Lost a life (1 life remaining)
 32882 | Snake:4  | Found Lazojy's Magic Scroll Emporium.
 32884 | Snake:4  | Found Laegurgh's General Store.
 32884 | Snake:4  | Found Nacogin's Jewellery Emporium.
 32891 | Snake:4  | Found Liloef's Antique Weapon Emporium.
 32921 | Snake:4  | Bought a granite talisman for 840 gold pieces
 32975 | Snake:4  | Killed from afar by a nagaraja
 32975 | Snake:4  | Lost a life (0 lives remaining)
 33610 | Orc:2    | Bought a ring of poison resistance for 360 gold pieces
 33907 | Snake:4  | Got a serpentine rune of Zot
 34174 | Slime:1  | Entered Level 1 of the Pits of Slime
 34203 | Slime:1  | Noticed an acid blob
 34224 | Slime:1  | Noticed an acid blob
 34277 | Slime:3  | Noticed an acid blob
 34293 | Slime:4  | Noticed an acid blob
 34309 | Slime:5  | Entered Level 5 of the Pits of Slime
 34309 | Slime:5  | Noticed an acid blob
 34334 | Slime:5  | Noticed an acid blob
 34359 | Slime:5  | Noticed an acid blob
 34403 | Slime:5  | Noticed the Royal Jelly
 34406 | Slime:5  | Noticed an acid blob
 34408 | Slime:5  | Found a viscous altar of Jiyva.
 34415 | Slime:5  | Noticed an acid blob
 34430 | Slime:5  | Identified the staff "Kyevekus" {Fly rC+ rN+ Earth}
 34431 | Slime:5  | Identified the +4 short sword "Waojoinn" {freeze, rC+++
                  | rN++ rCorr Stlth-}
 34433 | Slime:5  | Got a slimy rune of Zot
 34434 | Slime:5  | Identified the amulet of Uheoxzua {Reflect Fly SH+5}
 34437 | Slime:5  | Got a starry gem with 339 turns to spare
 34444 | Slime:5  | Noticed an acid blob
 34456 | Slime:5  | Identified the ring of Midwinter {rF+ rC+}
 34458 | Slime:5  | Identified the +1 robe of Wihuf {rC- rCorr Int+5 Archmagi}
 34460 | Slime:5  | Got Xuteyn's Collected Works on Unholy Sparks
 34465 | Slime:5  | Noticed an acid blob
 34481 | Slime:5  | Identified the amulet "Uptadue" {Faith Str+3}
 34525 | Slime:5  | Noticed an acid blob
 34736 | Swamp:1  | Entered Level 1 of the Swamp
 34992 | Swamp:1  | Reached skill level 17 in Dodging
 35105 | Swamp:1  | Learned a level 5 spell: Borgnjor's Vile Clutch
 35415 | Swamp:1  | Lost mutation: Your flesh is very cold resistant. (rC++)
                  | [Jiyva's grace]
 35415 | Swamp:1  | Lost mutation: Armour fits poorly on your massive
                  | pseudopods. [Jiyva's grace]
 35415 | Swamp:1  | Gained mutation: Your flesh is very cold resistant. (rC++)
                  | [Jiyva's grace]
 35415 | Swamp:1  | Gained mutation: Your flesh is almost immune to the effects
                  | of cold. (rC+++) [Jiyva's grace]
 35415 | Swamp:1  | Gained mutation: Your system is resistant to poisons.
                  | (rPois) [Jiyva's grace]
 35415 | Swamp:1  | Gained mutation: You have hidden genetic potential.
                  | [Jiyva's grace]
 35476 | Swamp:1  | Learned a level 5 spell: Irradiate
 35781 | Swamp:1  | Gained mutation: You are occasionally teleported next to
                  | monsters. [mutagenic glow]
 37074 | Swamp:3  | Lost mutation: Your flesh is almost immune to the effects
                  | of cold. (rC+++) [Jiyva's grace]
 37074 | Swamp:3  | Lost mutation: You are occasionally teleported next to
                  | monsters. [Jiyva's grace]
 37074 | Swamp:3  | Lost mutation: Your spells are a little harder to cast, but
                  | a little more powerful. [Jiyva's grace]
 37074 | Swamp:3  | Lost mutation: Your body is covered in eyes which may
                  | confuse attackers. (Acc +7, SInv) [Jiyva's grace]
 37074 | Swamp:3  | Lost mutation: You have hidden genetic potential. [Jiyva's
                  | grace]
 37074 | Swamp:3  | Gained mutation: Your body is covered in eyes which may
                  | confuse attackers. (Acc +7, SInv) [Jiyva's grace]
 37074 | Swamp:3  | Gained mutation: You have hidden genetic potential.
                  | [Jiyva's grace]
 37074 | Swamp:3  | Gained mutation: You have great hidden genetic potential.
                  | [Jiyva's grace]
 37074 | Swamp:3  | Gained mutation: You are covered in slimy tendrils that may
                  | disarm your opponents. [Jiyva's grace]
 37444 | Swamp:4  | Entered Level 4 of the Swamp
 37585 | Swamp:3  | Reached XP level 17. HP: 87/98 MP: 12/28
 37799 | Swamp:4  | Noticed the 27-headed Lernaean hydra
 37895 | Swamp:4  | Reached skill level 15 in Fighting
 37917 | Swamp:4  | Found the +2 shield of Resistance {rF++ rC++ Will++}
 38058 | Swamp:4  | Reached skill level 18 in Dodging
 38448 | Swamp:4  | Slain by the 27-headed Lernaean hydra

Illustrated notes

Levels and vault maps discovered:
D:1:      dpeg_arrival_rhombi, layout_basic, shapermc_ecumenical_altar_petra
D:2:      layout_loops_ring, minmay_surrounded, uniq_robin
D:3:      layout_rooms, elyvilon_altar_5, amcnicky_altar_gilded,
          serial_co_window_serial, co_window_corner_a, co_window_corner_a,
          co_window_paths_a, co_window_paths_a, co_window_corner_a,
          co_window_corner_b, co_window_2corner, co_window_broadway_a,
          co_window_2corner, co_window_unsneaky_path_b, co_window_2corner,
          co_window_paths_d, glass_columns_a, glass_columns_b, glass_columns_a,
          glass_columns_a
D:4:      layout_rooms, nicolae_overflow_crystal_walls,
          minmay_temple_entry_arrows, nicolae_shop_distant_corner_stores,
          serial_bayou_lagoon_a, nrook_campfire, serial_library_hellmonk_h_bend,
          nicolae_inconvenience_store
D:5:      layout_basic, kennysheep_mini, general_overflow_altar
D:6:      layout_basic, kb_xom_exploding_sheep, uniq_menkaure
D:7:      layout_loops_corners, centaur_isle
D:8:      layout_rooms, makhleb_grotto_becter,
          nicolae_overflow_hallway_of_the_gods, due_unseen_surprise
D:9:      layout_loops_ring, david_orc_3, nicolae_tricolors
D:10:     layout_basic, overflow_temple_1_default, minmay_lair_entry_grove,
          nicolae_shop_firing_range
D:11:     layout_roguey, nicolae_trove_entry_diagonal
D:12:     layout_basic, uniq_rupert
D:13:     layout_cave_pools, ximxim_vaults_locker_room, uniq_sonja
D:14:     layout_roguey [special_room_bee], vehumet_altar_wand_db
D:15:     hangedman_depths_entry_civil_slaughter, layout_gridville, uniq_agnes
Temple:   nicolae_temple_superstar
Lair:1:   gammafunk_boulding_lane, layout_regular_city
Lair:2:   layout_regular_city, alex1729_snake_entry_snake,
          hangedman_lair_unloving_vines, wad_woods_river_04,
          serial_bayou_pond_a, minmay_holes
Lair:3:   layout_chaotic_city, minmay_swamp_entry_reptiles
Lair:4:   layout_roguey, slime_entry_1
Lair:5:   wormcave, layout_gridlike, serial_bayou_shore_b, uniq_urug
Swamp:1:  layout_basic_swamp, nicolae_swamp_well_well_well
Swamp:2:  layout_basic_swamp, nicolae_swamp_little_tower, hangedman_swamp_dais
Swamp:3:  layout_basic_swamp, evilmike_swamp_ruin_house_1, swamp_pool_1_2,
          infiniplex_staircase_pool
Swamp:4:  grunt_swamp_rune_castle, layout_basic_swamp
Snake:1:  layout_misc_corridors, grunt_megastairs_5, minmay_shop_star,
          uniq_aizul
Snake:2:  layout_onion_interference, statue_in_the_mist_lemuel
Snake:3:  layout_onion, serial_bayou_shore_b, uniq_nikola
Snake:4:  hellmonk_snake_rune_quicksilver_temple, layout_grid_maze,
          minmay_shop_grid_forest, grunt_megastairs_2
Slime:1:  layout_caves
Slime:2:  layout_caves
Slime:3:  layout_caves
Slime:4:  nicolae_slime_pool, layout_caves, nicolae_slime_phagocytosis
Slime:5:  slime_pit_nicolae_trefoil
Orc:1:    layout_caves, basic_altar, portal_ice_cave_entry_ice_simulacra,
          uniq_nergalle
Orc:2:    st_orc_congregation, layout_diamond_mine, ebering_ghost_xom

Skill      XL: |  1  2  3  4  5  6  7  8  9 10 11 12 13 14 15 16 17 |
---------------+----------------------------------------------------+-----
Stealth        | 3 4 5 6 7 9 10 | 10.0
Alchemy        | 3 4 5 6 |  6.0
Spellcasting   | 3 4 7 |  7.6
Fire Magic     | 1 2 4 |  4.0
Fighting       | 2 4 6 7 8 10 11 12 13 14 15 | 15.1
Invocations    | 2 4 6 7 8 |  8.0
Shapeshifting  | 1 3 5 7 9 10 11 | 11.0
Dodging        | 3 6 9 11 13 15 16 17 18 | 18.0
Unarmed Combat | 1 4 6 7 8 |  8.2
Earth Magic    | 4 6 8 9 10 | 10.1
Conjurations   | 2 5 6 |  6.0
Evocations     | 1 5 |  5.0

Action                     |  1- 3 |  4- 6 |  7- 9 | 10-12 | 13-15 | 16-18 || total
---------------------------+-------+-------+-------+-------+-------+-------++-------
  Melee: Unarmed           |    15 |    14 |    56 |   121 |   478 |   311 ||   995
         Bite              |     2 |     2 |    10 |    20 |    79 |    52 ||   165
         Punch             |       |       |       |     4 |    31 |    18 ||    53
         Pseudopods        |       |       |       |       |   108 |   102 ||   210
         Maw               |       |       |       |       |   134 |   147 ||   281
   Cast: Sting             |    39 |   100 |    68 |    50 |    17 |    13 ||   287
         Mercury Vapours   |     2 |     9 |    23 |    26 |    26 |    29 ||   115
         Mephitic Cloud    |     1 |     4 |     9 |    23 |    50 |     2 ||    89
         Olgreb's Toxic Ra |       |    10 |    33 |    94 |   145 |    52 ||   334
         Sticky Flame      |       |       |    26 |   129 |   271 |   132 ||   558
         Irradiate         |       |       |       |       |       |    34 ||    34
 Invoke: Purification      |       |       |     1 |       |       |       ||     1
         Heal Other        |       |       |       |    18 |       |       ||    18
         Slimify           |       |       |       |       |     3 |     6 ||     9
         Oozemancy         |       |       |       |       |     2 |     1 ||     3
  Evoke: Wand              |       |       |       |       |     3 |       ||     3
    Use: Scroll            |       |     7 |     3 |     9 |    13 |     5 ||    37
         Potion            |       |       |     3 |     1 |     3 |     6 ||    13
   Stab: Sleeping          |     3 |       |     1 |    10 |    27 |    13 ||    54
         Confused          |       |       |     3 |     4 |    34 |    23 ||    64
         Distracted        |       |       |       |       |     3 |       ||     3
 Armour: Skin              |    14 |    33 |    62 |    97 |   293 |   225 ||   724
  Dodge: Dodged            |    36 |    65 |    74 |   237 |   792 |   706 ||  1910
  Block: Other             |       |     6 |    20 |    59 |   186 |   111 ||   382
         Reflection        |       |       |     1 |     3 |    26 |    10 ||    40
   Form: Maw               |       |       |       |       |     1 |       ||     1

Table legend: (Time is in decaauts)
 A = Elapsed time spent in this place.
 B = Non-inter-level travel time spent in this place.
 C = Inter-level travel time spent in this place.
 D = Time resting spent in this place.
 E = Time spent auto-exploring this place.
 F = Levels seen in this place.
 G = Mean time per level.
                   A        B        C        D        E       F      G
               +--------+--------+--------+--------+--------+-----+--------+
         Total |  38489 |  35606 |   2883 |   9448 |  14419 |  38 | 1012.9 |
       Dungeon |  20740 |  19249 |   1491 |   5665 |   7843 |  15 | 1382.7 |
        Temple |     27 |     27 |      0 |      0 |      0 |   1 |   27.0 |
          Lair |   6879 |   6250 |    629 |   2037 |   2863 |   5 | 1375.8 |
         Swamp |   3666 |   3528 |    138 |    694 |   1273 |   4 |  916.5 |
     Snake Pit |   4485 |   4134 |    351 |    553 |   1723 |   4 | 1121.2 |
    Slime Pits |    505 |    379 |    126 |      0 |    262 |   5 |  101.0 |
  Orcish Mines |   1718 |   1571 |    147 |    466 |    444 |   2 |  859.0 |
         Abyss |    465 |    465 |      0 |     32 |     11 |   2 |  232.5 |
               +--------+--------+--------+--------+--------+-----+--------+

Top non-repeatable levels by time:
     D:9: 2647 daAuts
     D:7: 2159 daAuts
  Lair:2: 1843 daAuts
     D:6: 1678 daAuts
  Lair:3: 1611 daAuts
     D:1: 1600 daAuts
     D:5: 1557 daAuts
    D:10: 1552 daAuts
  Lair:4: 1500 daAuts
  Lair:1: 1378 daAuts
     D:3: 1375 daAuts
     D:4: 1343 daAuts
    D:12: 1265 daAuts
 Snake:4: 1255 daAuts
     D:8: 1222 daAuts
